 Dungeon Crawl Stone Soup version 0.29.1-15-g9cfb28693d (webtiles) character file.

Game seed: 6695596339129539809

56 kingofthe the Conjurer (level 3, -1/21 HPs)
             Began as an Octopode Conjurer on Feb 23, 2023.
             Succumbed to an adder's poison
             ... on level 2 of the Dungeon.
             The game lasted 00:04:59 (1580 turns).

kingofthe the Conjurer (Octopode Conjurer)          Turns: 1580, Time: 00:05:00

Health: -1/21      AC:  1    Str:  6    XL:     3   Next: 95%
Magic:  7/7        EV: 13    Int: 20    God:
Gold:   75         SH:  0    Dex: 12    Spells: 5/8 levels left

rFire   . . .      SeeInvis .   c - +0 dagger
rCold   . . .      Faith    .   (no shield)
rNeg    . . .      Spirit   .   (helmet restricted)
rPois   +          Reflect  .   (no amulet)
rElec   .          Harm     .   (no ring)
rCorr   .          Rampage  .   (no ring)
Will    +....                   (no ring)
Stlth   +++.......              (no ring)
HPRegen 0.07/turn               (no ring)
MPRegen 0.10/turn               (no ring)
                                (no ring)
                                (no ring)

@: lethally poisoned (-1 -> -7)
A: almost no armour, amphibious, 8 rings, camouflage 1, gelatinous body 1,
(nimble swimmer 1), tentacles, strong-willed 1, poison resistance
a: no special abilities


You were on level 2 of the Dungeon.
You visited 1 branch of the dungeon, and saw 2 of its levels.

You collected 75 gold pieces.


Innate Abilities, Weirdness & Mutations

You cannot wear most types of armour.
You are amphibious.
You can wear up to eight rings at the same time.
Your skin changes colour to match your surroundings (Stealth+).
Your rubbery body absorbs attacks. (AC +1, EV +1)
((You are camouflaged when in or above water. (Stealth+)))
You have tentacles for arms and can constrict up to eight enemies at once.
You are strong-willed. (Will+)
Your system is resistant to poisons. (rPois)


   Skills:
 * Level 2.4 Dodging
 + Level 3.0 Stealth
 * Level 3.2 Spellcasting
 * Level 4.2 Conjurations


You had 5 spell levels left.
You knew the following spells:

 Your Spells              Type           Power      Damage    Failure   Level
a - Magic Dart            Conj           80%        1d7       2%          1
b - Searing Ray           Conj           40%        2d5       3%          2

Your spell library contained the following spells:

 Spells                   Type           Power      Damage    Failure   Level
 Dazzling Flash           Conj/Hex       22%        N/A       17%         3
 Mephitic Cloud           Conj/Pois/Air  8%         N/A       24%         3
 Ignite Poison            Fire/Tmut/Pois 3%         N/A       38%         3
 Ozocubu's Armour         Ice            3%         N/A       38%         3
 Fulminant Prism          Conj/Hex       5%         3d7       50%         4
 Iskenderun's Mystic Bla  Conj/Tloc      11%        2d4       50%         4
 Freezing Cloud           Conj/Ice/Air   4%         6-21      91%         5
 Ozocubu's Refrigeration  Ice            1%         4d7       100%        7

Inventory:

Hand Weapons
 c - a +0 dagger (weapon)
Scrolls
 b - a scroll of noise {unknown}
 d - 4 scrolls of identify {unknown}
 e - a scroll of enchant armour {unknown}
 g - a scroll of summoning {unknown}

Dungeon Overview and Level Annotations

Branches:
Dungeon (2/15)

Altars:

... #.# #.##.#####.#
#.#.......SS..
#............# #.# #.# #.#
#### #.# ##...## #@#########
###.....###.........#
P........##########.########
..........### #........#
...P...<....# ##........
...P......#.# #.#######
##.......##.########.#
##.....###.†........#
##...## ############


There were no monsters in sight!


Message History

You are poisoned.
The adder poisons you!
You barely miss the adder. You grab the adder.
The adder is severely wounded.
You constrict the adder.
You feel sick. The adder bites you.
* * * LOW HITPOINT WARNING * * *
You are lethally poisoned!
The adder poisons you!
You hit the adder. Your squeeze misses the adder.
The adder is almost dead.
You constrict the adder.
* * * LOW HITPOINT WARNING * * *
You feel very sick. The adder barely misses you.
Your magical contamination has completely faded away.
You hit the adder.
You kill the adder!
* * * LOW HITPOINT WARNING * * *
You feel sick.
Your Stealth skill increases to level 3!
It was a potion of mutation.
You feel extremely strange.
You feel a hidden malignance growing inside you.
You no longer feel a malignance within.
You feel strong-willed.
You feel resistant to poisons.
* * * LOW HITPOINT WARNING * * *
You feel sick.
Unknown command.
Okay, then.
Magic courses through your body.
You die...

Skill      XL: |  1  2  3 |
---------------+----------+-----
Spellcasting   | 3 |  3.2
Stealth        | 3 |  3.0
Dodging        | |  2.4
Conjurations   | |  4.2

Action                   || total
-------------------------++-------
Melee: Dagger            ||    12
       Constrict         ||     4
       Tentacles         ||     2
 Cast: Magic Dart        ||    49
       Searing Ray       ||     5
  Use: Potion            ||     2
Armor: Skin              ||     2
Dodge: Dodged            ||     9

Levels and vault maps discovered:
D:1:      lemuel_arrival_room, layout_loops_ring,
          chequers_serial_rivers_micro_e, minivault_24, grunt_decor_one_mirror
D:2:      layout_loops_ring, serial_undead, serial_undead_e, serial_undead_a,
          serial_undead_b, serial_undead_f, minmay_tetromino_l4

Notes
Turn   | Place    | Note
-------+----------+-------------------------------------------
     0 | D:1      | kingofthe the Octopode Conjurer began the quest for the
                  | Orb.
     0 | D:1      | Reached XP level 1. HP: 11/11 MP: 3/3
   340 | D:1      | Reached XP level 2. HP: 17/17 MP: 3/5
   445 | D:1      | Learned a level 2 spell: Searing Ray
   813 | D:1      | Reached skill level 3 in Spellcasting
  1108 | D:1      | Reached XP level 3. HP: 21/21 MP: 4/7
  1579 | D:2      | Reached skill level 3 in Stealth
  1579 | D:2      | Gained mutation: You have hidden genetic defects. [potion
                  | of mutation]
  1579 | D:2      | Lost mutation: You have hidden genetic defects. [potion of
                  | mutation]
  1579 | D:2      | Gained mutation: You are strong-willed. (Will+) [potion of
                  | mutation]
  1579 | D:2      | Gained mutation: Your system is resistant to poisons.
                  | (rPois) [potion of mutation]
  1579 | D:2      | HP: 1/21 [poisoned by an adder]
  1580 | D:2      | Succumbed to an adder's poison

Vanquished Creatures
  3 adders (D:2)
  An endoplasm (D:1)
  A giant cockroach (D:1)
  4 goblins (D:1)
  4 hobgoblins (D:1)
  4 jackals (D:1)
  A quokka (D:1)
  2 ball pythons
  2 bats (D:1)
  A frilled lizard (D:1)
  3 kobolds (D:1)
  A rat (D:1)
27 creatures vanquished.

Table legend: (Time is in decaauts)
 A = Elapsed time spent in this place.
 B = Non-inter-level travel time spent in this place.
 C = Inter-level travel time spent in this place.
 D = Time resting spent in this place.
 E = Time spent auto-exploring this place.
 F = Levels seen in this place.
 G = Mean time per level.
                   A        B        C        D        E       F      G
               +--------+--------+--------+--------+--------+-----+--------+
         Total |   1579 |   1518 |     61 |    668 |    669 |   2 |  789.5 |
       Dungeon |   1579 |   1518 |     61 |    668 |    669 |   2 |  789.5 |
               +--------+--------+--------+--------+--------+-----+--------+

Top non-repeatable levels by time:
     D:1: 1414 daAuts
     D:2: 165 daAuts

Table legend:
 A = Non-vault XP
 B = Vault XP
 C = Vault XP percentage of total XP
 D = Non-vault monster count
 E = Vault monster count
 F = Vault count percentage of total count
                 A         B        C        D         E       F
            +---------+---------+-------+---------+---------+-------
      Total |      80 |       0 |   0.0 |      27 |       0 |   0.0
            +---------+---------+-------+---------+---------+-------
        D:1 |      38 |       0 |   0.0 |      23 |       0 |   0.0
        D:2 |      42 |       0 |   0.0 |       4 |       0 |   0.0
            +---------+---------+-------+---------+---------+-------
